Map: Tryton ER

Players

kers - Winner!

  • Race: Protoss Protoss
  • League: Platinum
  • Spawn Location: 11:00

VOD

Have the link to the VOD?

Description

Time

  • Played on: March 3, 2020, 1:31 p.m.
  • Length: 10:28
Show
View Real Time Build Order
Export as new Build Order

kers Protoss - Winner!

Build Orders: 1 Gate Expand, Archon Immortal 

Get SALT Encoding   

  12  0:02  Probe  
  12  0:14  Probe  
  12  0:23  Pylon  
  12  0:26  Probe  
  12  0:41  Probe (Chrono Boost)  
  12  0:44  Gateway  
  12  0:53  Probe (Chrono Boost)  
  12  0:57  Assimilator  
  12  0:58  Probe (Chrono Boost)  
  12  1:07  Probe  
  12  1:19  Probe  
  12  1:31  Probe  
  12  1:33  Nexus  
  12  1:40  Pylon  
  12  1:55  Probe, Cybernetics Core  
  12  2:07  Probe  
  12  2:08  Assimilator  
  12  2:19  Probe  
  12  2:23  Warp Gate (Chrono Boost)  
  12  2:31  Probe  
  12  2:34  Adept  
  12  2:43  Probe  
  12  2:45  Robotics Facility  
  12  2:48  Gateway  
  12  2:51  Gateway  
  12  2:54  Probe  
  12  2:58  Probe  
  12  3:06  Stalker  
  12  3:07  Probe  
  12  3:10  Probe  
  12  3:20  Probe  
  12  3:22  Probe  
  12  3:32  Probe  
  12  3:34  Pylon  
  12  3:35  Probe  
  12  3:38  Observer  
  12  3:41  Pylon  
  12  3:44  Probe  
  12  3:47  Probe  
  12  3:51  Sentry  
  12  3:53  Sentry  
  12  3:55  Stalker  
  12  3:56  Probe  
  12  3:59  Probe  
  12  4:02  Assimilator  
  12  4:04  Assimilator  
  12  4:08  Probe  
  12  4:09  Pylon  
  12  4:11  Probe  
  12  4:15  Immortal (Chrono Boost)  
  12  4:20  Probe  
  12  4:23  Probe  
  12  4:32  Probe  
  12  4:35  Probe  
  12  4:37  Forge  
  12  4:40  Twilight Council  
  12  4:44  Probe  
  12  4:47  Probe, Immortal (Chrono Boost)  
  12  4:56  Probe  
  12  4:59  Probe  
  12  5:04  Protoss Ground Weapons Level 1 (Chrono Boost), Pylon  
  12  5:06  Pylon  
  12  5:08  Probe, Pylon  
  12  5:09  Charge  
  12  5:11  Probe  
  12  5:19  Templar Archives  
  12  5:20  Probe  
  12  5:23  Probe, Sentry  
  12  5:33  Probe  
  12  5:35  Probe  
  12  5:40  Pylon  
  12  5:44  Immortal (Chrono Boost)  
  12  5:45  Probe, Pylon  
  12  5:48  Probe  
  12  5:57  Probe  
  12  5:58  High Templar x2  
  12  6:00  Probe  
  12  6:02  Archon  
  12  6:04  Zealot  
  12  6:09  Probe  
  12  6:12  Probe  
  12  6:16  Immortal, Nexus  
  12  6:19  Pylon  
  12  6:21  Probe  
  12  6:24  Probe  
  12  6:31  Pylon  
  12  6:33  Probe  
  12  6:34  Pylon  
  12  6:36  Probe  
  12  6:41  Photon Cannon  
  12  6:44  High Templar  
  12  6:45  Probe, High Templar, Photon Cannon  
  12  6:48  Probe  
  12  6:50  Archon  
  12  6:53  Protoss Ground Armor Level 1 (Chrono Boost)  
  12  6:57  Probe, Immortal (Chrono Boost)  
  12  7:00  Probe  
  12  7:09  Probe  
  12  7:12  Probe  
  12  7:13  High Templar  
  12  7:20  High Templar  
  12  7:21  Probe  
  12  7:24  Probe  
  12  7:29  Gateway x2  
  12  7:31  Gateway  
  12  7:33  Gateway  
  12  7:34  Gateway  
  12  7:36  Probe x3  
  12  7:47  Assimilator  
  12  7:49  Assimilator  
  12  8:01  Pylon x2  
  12  8:02  Pylon  
  12  8:05  Pylon, Immortal (Chrono Boost)  
  12  8:11  Psionic Storm  
  12  8:19  Zealot x3  
  12  8:22  Archon  
  12  8:36  High Templar x2  
  12  8:37  Zealot x3  
  12  8:40  Archon  
  12  8:41  Immortal  
  12  8:50  Pylon  
  12  8:54  Pylon  
  12  8:55  High Templar x2  
  12  8:57  Shield Battery  
  12  8:58  Zealot x4, Shield Battery  
  12  8:59  Archon  
  12  9:13  Nexus  
  12  9:15  High Templar x2  
  12  9:16  Pylon  
  12  9:18  Pylon  
  12  9:20  Observer  
  12  9:21  Assimilator  
  12  9:23  Archon  
  12  9:25  Assimilator  
  12  9:28  Zealot x2  
  12  9:29  Zealot x4  
  12  9:54  High Templar  
  12  9:55  High Templar x3  
  12  9:56  Gateway  
  12  9:57  Zealot x4  
  12  9:58  Gateway  
  12  9:59  Archon  
  12  10:00  Gateway, Archon  
  12  10:25  Zealot x2  
  12  10:26  Zealot x2  
Tags
 
Add a new tag
Caveats
  • Supply blocks, unpowered buildings, or Contaminate may cause inaccurate times.
  • Supply counts are checked every 10 seconds.